 Dungeon Crawl Stone Soup version 0.30-a0-568-g124715a40b (webtiles) character file.

Game seed: 3952272488859615791

10091 Jase the Merchant of Misery (level 11, -5/68 HPs)
             Began as a Demonspawn Necromancer on Dec 28, 2022.
             Was a Believer of Kikubaaqudgha.
             Killed by nerve-wracking pain
             ... invoked by an orc priest
              (6 damage)
             ... while paralysed by a hornet
             ... on level 9 of the Dungeon.
             The game lasted 00:51:40 (8165 turns).

Jase the Merchant of Misery (DsNe)                  Turns: 8165, Time: 00:51:40

Health: -5/68      AC: 10    Str:  8    XL:     11   Next: 31%
Magic:  26/26      EV:  2    Int: 23    God:    Kikubaaqudgha [**....]
Gold:   476        SH:  0    Dex: 16    Spells: 5/18 levels left

rFire   . . .      SeeInvis .    a - +5 double sword (protect)
rCold   . . .      Faith    .    (no shield)
rNeg    . . .      Spirit   .    f - +0 robe
rPois   .          Reflect  .    k - +2 helmet
rElec   .          Harm     .    y - +0 cloak
rCorr   .          Rampage  .    (no gloves)
Will    .....                    (no boots)
Stlth   ++                       L - amulet of the acrobat
HPRegen 0.31/turn                n - +4 ring of protection
MPRegen 0.40/turn                e - ring of magical power

@: paralysed, animating dead, slowed
A: hooves 2, powered by pain 2, magic regeneration, big brain 2
a: Renounce Religion, Unearth Wretches


You were on level 9 of the Dungeon.
You worshipped Kikubaaqudgha.
Kikubaaqudgha was pleased with you.
You visited 2 branches of the dungeon, and saw 10 of its levels.
You also visited: Sewer and Bailey.

You collected 476 gold pieces.

Inventory:

Hand Weapons
 a - a +5 double sword of protection (weapon)
 b - a +2 vampiric falchion
Missiles
 K - 4 curare-tipped darts
 M - 6 boomerangs
Armour
 f - a +0 robe (worn)
 k - a +2 helmet (worn)
 y - a +0 cloak (worn)
 I - an orb of energy
Jewellery
 e - a ring of magical power (right hand)
 n - a +4 ring of protection (left hand)
 w - a ring of willpower
 z - a ring of ice
 L - an amulet of the acrobat (around neck)
Wands
 t - a wand of iceblast (3)
 x - a wand of polymorph (12)
 B - a wand of charming (7)
 G - a wand of flame (20)
Scrolls
 c - 2 scrolls of fog
 d - a scroll of silence {unknown}
 l - a scroll of enchant weapon {unknown}
 o - 5 scrolls of teleportation
 u - 4 scrolls of blinking
 v - 2 scrolls of enchant armour {unknown}
 A - 3 scrolls of fear {unknown}
 C - 3 scrolls of poison {unknown}
 F - 2 scrolls of butterflies {unknown}
 J - a scroll of amnesia {unknown}
Potions
 g - 4 potions of curing
 h - a potion of cancellation
 i - 6 potions of degeneration {unknown}
 j - 2 potions of flight
 m - 5 potions of resistance {unknown}
 p - 4 potions of heal wounds {unknown}
 q - 3 potions of brilliance {unknown}
 r - 2 potions of lignification
 s - a potion of ambrosia
 D - 2 potions of haste {unknown}
 E - a potion of attraction
 H - a potion of berserk rage
 N - a potion of invisibility {unknown}
 O - 2 potions of magic


   Skills:
 + Level 10.3 Long Blades
 - Level 1.7 Dodging
 - Level 1.7 Stealth
 - Level 4.0 Spellcasting
 + Level 15.2 Necromancy


You had 5 spell levels left.
You knew the following spells:

 Your Spells              Type           Power      Damage    Failure   Level
a - Necrotise             Necr           100%       1d9       1%          1
b - Vampiric Draining     Necr           65%        2d10      1%          3
c - Animate Dead          Necr           65%        N/A       1%          4
d - Agony                 Necr           65%        N/A       1%          5

Your spell library contained the following spells:

 Spells                   Type           Power      Damage    Failure   Level
 Kiss of Death            Conj/Necr      100%       2d13      1%          1
 Cigotuvi's Dreadful Rot  Necr/Pois/Air  54%        N/A       1%          2
 Dispel Undead            Necr           65%        3d22      1%          4
 Poisonous Vapours        Pois/Air       8%         N/A       16%         2
 Confusing Touch          Hex            4%         N/A       30%         3
 Mephitic Cloud           Conj/Pois/Air  4%         N/A       30%         3
 Summon Guardian Golem    Hex/Summ       4%         N/A       30%         3
 Orb of Destruction       Conj           2%         9d5       100%        7
 Spellforged Servitor     Conj/Summ      2%         N/A       100%        7


Dungeon Overview and Level Annotations

Branches:
Dungeon (9/15)             Temple (1/1) D:6           Sewer (visited)
 Bailey (visited)
   Lair: D:8-11         Orc: D:9-12

Altars:
Cheibriados
Dithmenos
Kikubaaqudgha
Okawaru
Qazlal
Sif Muna
Wu Jian
Yredelemnul

Annotations:
D:3 Grinder
D:6 1 runed translucent door, 3 exclusions, Crazy Yiuf
D:8 4 exclusions


Innate Abilities, Weirdness & Mutations

You have hoof-like feet.
You sometimes gain power by taking damage.
You regenerate magic rapidly.
You have an extremely huge brain. (Int +4)


Message History

You suddenly lose the ability to move!
The hornet stings you!
You shrug off the repeated paralysis!
The orc priest hits you but does no damage.
You can move again.
You miss the hornet. You kick the hornet.
The hornet is moderately wounded.
You feel yourself speed up.
You feel extremely sick. The hornet stings you.
You feel yourself slow down. The hornet stings you.
You feel as though you will be slow longer.
You feel very sick. The hornet misses you. The orc completely misses you.
The orc priest misses you.
The orc wizard gestures at you while chanting.
You easily resist.
The hornet closely misses you. The orc wizard casts a spell at you.
The puff of flame hits you. The orc hits you but does no damage.
The orc priest completely misses you.
You slash the orc priest!
Your weapon exudes an aura of protection.
The orc priest is almost dead.
You feel very sick.
The hornet misses you. x2; The orc priest closely misses you.
The hornet stings you.
* * * LOW HITPOINT WARNING * * *
You are more poisoned.
You feel as though you will be slow longer.
It was a potion of curing.
You feel better. The hornet stings you.
You suddenly lose the ability to move!
The orc hits you but does no damage.
The orc priest calls down the wrath of Beogh upon you.
Beogh smites you!
* * * LOW HITPOINT WARNING * * *
The orc wizard hits you but does no damage.
The hornet stings you!
* * * LOW HITPOINT WARNING * * *
You feel as though you will be slow longer.
The orc priest calls down the wrath of Beogh upon you.
Pain shoots through your body!
You die...
Kikubaaqudgha rasps: "You have failed me!
Welcome... death!"

##...#####.#.########
.........#..........#
.........#..........#
.........#..........#
.........#..........#
.........#..........#
.........#....o.o...#
##..######....#oo...#...
#...# .......#y@.......
#...# .......#.o.......
#...# .......#.........
#...# ..o.o..#.........
#...# o...y..#.........
##### oo.....#.........
#######... ...


You could see a hornet, an orc priest, an orc wizard and 3 orcs.

Vanquished Creatures
  An ugly thing (D:8)
  2 orc sorcerers (Bailey)
  A wyvern (D:6)
  Eustachio (D:4)
  Menkaure (D:7)
  Edmund (D:6)
  An acid dragon (D:9)
  10 orc warriors
  2 sky beasts
  A black bear (D:6)
  A centaur (D:9)
  A phantom (D:5)
  A kobold brigand (D:8)
  6 bullfrogs
  A necrophage (D:7)
  3 scorpions
  4 wights
  4 electric eels (Bailey)
  2 howler monkeys
  2 orc priests
  3 hounds
  4 jellies
  3 iguanas
  Natasha (thrice) (D:2)
  4 orc wizards
  3 gnolls (Bailey)
  11 adders
  5 river rats
  2 worms (D:2)
  3 dart slugs
  16 orcs
  12 ball pythons
  3 endoplasms
  6 giant cockroaches
  12 hobgoblins
  2 jackals (D:2)
  10 kobolds
  5 quokkas
  5 bats
  5 frilled lizards
  17 goblins
  21 rats
201 creatures vanquished.

Vanquished Creatures (collateral kills)
  An orc priest (D:7)
  An iguana (D:6)
  3 river rats
  An orc (D:6)
  2 hobgoblins
  2 jackals (D:2)
  A quokka (D:6)
  6 ball pythons
  A frilled lizard (Sewer)
  2 kobolds
  4 rats (Sewer)
24 creatures vanquished.

Vanquished Creatures (others)
  A bullfrog zombie (D:7)
  5 orc zombies
  An adder zombie (Sewer)
  A gnoll zombie (Bailey)
  A river rat zombie (Sewer)
  A ball python zombie (Sewer)
  4 goblin zombies (Bailey)
  3 hobgoblin zombies (Bailey)
  2 kobold zombies (D:8)
  3 rat zombies (Sewer)
  A butterfly (D:8)
  2 plants (D:3)
25 creatures vanquished.

Grand Total: 250 creatures vanquished

Notes
Turn   | Place    | Note
-------+----------+-------------------------------------------
     0 | D:1      | Jase the Demonspawn Necromancer began the quest for the
                  | Orb.
     0 | D:1      | Reached XP level 1. HP: 13/13 MP: 3/3
   370 | D:1      | Gained mutation: You regenerate magic rapidly. [demonic
                  | ancestry]
   370 | D:1      | Reached XP level 2. HP: 19/19 MP: 5/5
   427 | D:1      | Reached skill level 5 in Necromancy
   898 | D:1      | Reached XP level 3. HP: 24/24 MP: 6/6
  1131 | D:2      | Learned a level 3 spell: Vampiric Draining
  1196 | D:2      | Reached skill level 6 in Necromancy
  1296 | D:2      | Gained mutation: You have an unusually large brain. (Int
                  | +2) [demonic ancestry]
  1296 | D:2      | Reached XP level 4. HP: 30/30 MP: 7/7
  1551 | D:2      | Noticed Natasha
  1558 | D:2      | Killed Natasha
  1669 | D:2      | Noticed Natasha
  1676 | D:2      | Killed Natasha
  1677 | D:2      | Reached skill level 7 in Necromancy
  1845 | D:2      | Noticed Natasha
  1848 | D:2      | Killed Natasha
  1849 | D:2      | Gained mutation: You have large cloven feet. [demonic
                  | ancestry]
  1849 | D:2      | Reached XP level 5. HP: 33/35 MP: 8/8
  2084 | D:3      | Noticed Grinder
  2312 | D:3      | Paralysed by Grinder for 3 turns
  2332 | D:4      | Reached skill level 8 in Necromancy
  2353 | D:4      | Gained mutation: You sometimes gain a little power by
                  | taking damage. [demonic ancestry]
  2353 | D:4      | Reached XP level 6. HP: 41/41 MP: 9/9
  2494 | D:4      | Learned a level 4 spell: Animate Dead
  2554 | D:4      | Noticed Eustachio
  2572 | D:4      | Killed Eustachio
  2573 | D:4      | Reached skill level 9 in Necromancy
  2635 | D:4      | Gained mutation: You have an extremely huge brain. (Int +4)
                  | [demonic ancestry]
  2635 | D:4      | Reached XP level 7. HP: 46/46 MP: 10/10
  3056 | D:5      | Entered Level 5 of the Dungeon
  3071 | D:5      | Reached skill level 1 in Long Blades
  3164 | D:5      | Found a snail-covered altar of Cheibriados.
  3457 | D:5      | Found a stormy altar of Qazlal.
  3775 | D:5      | Reached skill level 10 in Necromancy
  3993 | D:6      | Noticed Edmund
  4027 | D:6      | Killed Edmund
  4028 | D:6      | Reached XP level 8. HP: 31/52 MP: 11/11
  4208 | D:6      | Found a glowing drain.
  4226 | Sewer    | Entered a sewer
  4617 | D:6      | Reached skill level 11 in Necromancy
  4688 | D:6      | Found a staircase to the Ecumenical Temple.
  4734 | D:6      | Reached skill level 5 in Long Blades
  4744 | Temple   | Entered the Ecumenical Temple
  4756 | Temple   | Became a worshipper of Kikubaaqudgha
  4923 | D:6      | Found a runed translucent door.
  4924 | D:6      | Noticed Crazy Yiuf
  5293 | D:7      | Reached XP level 9. HP: 18/54 MP: 13/13
  5495 | D:7      | Noticed Menkaure
  5507 | D:7      | Killed Menkaure
  5659 | D:7      | Learned a level 5 spell: Agony
  6261 | D:8      | Reached skill level 12 in Necromancy
  6466 | D:8      | Noticed a red ugly thing
  6493 | D:8      | Killed a red ugly thing
  6493 | D:8      | Reached * piety under Kikubaaqudgha
  6493 | D:8      | Received a gift from Kikubaaqudgha
  6512 | D:8      | Found a flagged portal.
  6523 | Bailey   | Entered a bailey
  7031 | Bailey   | Gained mutation: You sometimes gain power by taking damage.
                  | [demonic ancestry]
  7031 | Bailey   | Reached XP level 10. HP: 49/63 MP: 13/16
  7122 | Bailey   | Acquired a +5 double sword of protection
  7157 | Bailey   | Reached skill level 13 in Necromancy
  7216 | Bailey   | Found an iron altar of Okawaru.
  7216 | Bailey   | Noticed an orc sorcerer
  7216 | Bailey   | Noticed an orc sorcerer
  7228 | Bailey   | Killed an orc sorcerer
  7228 | Bailey   | Reached ** piety under Kikubaaqudgha
  7245 | Bailey   | Noticed a rust devil
  7252 | Bailey   | Killed an orc sorcerer
  7415 | Bailey   | Reached skill level 10 in Long Blades
  7415 | Bailey   | Reached skill level 15 in Necromancy
  7415 | Bailey   | Gained mutation: You have hoof-like feet. [demonic
                  | ancestry]
  7415 | Bailey   | Reached XP level 11. HP: 68/68 MP: 17/17
  7649 | D:8      | Found an ornate altar of the Wu Jian Council.
  8161 | D:9      | Paralysed by a hornet for 1 turns
  8165 | D:9      | Paralysed by a hornet for 2 turns
  8165 | D:9      | HP: 1/68 [hornet (8)]
  8165 | D:9      | Killed from afar by an orc priest

Illustrated notes

Levels and vault maps discovered:
D:1:      minmay_arrival_three_doors, layout_basic, minmay_misc_feat_cross,
          kennysheep_another_room
D:2:      layout_basic, uniq_natasha
D:3:      layout_loops_cross, fedhas_altar_fruit_tree,
          mainiacjoe_overflow_surrounded_room, chequers_big_river, uniq_grinder
D:4:      layout_loops_cross, uniq_eustachio
D:5:      layout_gridville, cheibriados_altar_1, grunt_temple_overflow_open
D:6:      layout_gridville, minmay_temple_entry_large_hall,
          gup_sewer_entry_bubbles, dreamdust_princess_bridge,
          uniq_crazy_yiuf_cottage, uniq_edmund
D:7:      layout_basic, uniq_menkaure
D:8:      layout_basic, nicolae_elyvilon_peaceful_grove,
          nicolae_wu_jian_immortal_techniques, enter_bailey_5
D:9:      layout_grid_maze, general_overflow_altar, lair_entry_dummy,
          uniq_joseph, uniq_gastronok
Temple:   eino_temple_water

Skill      XL: |  1  2  3  4  5  6  7  8  9 10 |
---------------+-------------------------------+-----
Necromancy     | 5 6 7 8 9 10 11 12 15 | 15.2
Long Blades    | 3 5 7 10 | 10.3
Spellcasting   | 4 |  4.0
Dodging        | |  1.7
Stealth        | |  1.7

Action                   |  1- 3 |  4- 6 |  7- 9 | 10-12 || total
-------------------------+-------+-------+-------+-------++-------
Melee: Dagger            |       |    12 |       |       ||    12
       Kick              |       |     4 |    86 |    10 ||   100
       Falchion          |       |     9 |   341 |    12 ||   362
       Punch             |       |       |     6 |     1 ||     7
       Double sword      |       |       |       |    41 ||    41
 Cast: Necrotise         |    71 |    66 |    91 |       ||   228
       Vampiric Draining |       |    11 |    40 |     3 ||    54
       Animate Dead      |       |     1 |    11 |     3 ||    15
       Agony             |       |       |     2 |       ||     2
Evoke: Wand              |       |       |       |     1 ||     1
  Use: Scroll            |       |     2 |     8 |     1 ||    11
       Potion            |       |       |       |     3 ||     3
 Stab: Sleeping          |       |     1 |     2 |     2 ||     5
       Distracted        |       |       |     1 |     1 ||     2
Armor: Robe              |       |    25 |   185 |    23 ||   233
Dodge: Dodged            |     6 |    26 |   290 |    37 ||   359

Table legend: (Time is in decaauts)
 A = Elapsed time spent in this place.
 B = Non-inter-level travel time spent in this place.
 C = Inter-level travel time spent in this place.
 D = Time resting spent in this place.
 E = Time spent auto-exploring this place.
 F = Levels seen in this place.
 G = Mean time per level.
                   A        B        C        D        E       F      G
               +--------+--------+--------+--------+--------+-----+--------+
         Total |   8280 |   7921 |    359 |   1443 |   3965 |  12 |  690.0 |
       Dungeon |   6861 |   6513 |    348 |    948 |   3901 |   9 |  762.3 |
        Temple |     23 |     12 |     11 |      0 |      5 |   1 |   23.0 |
         Sewer |    383 |    383 |      0 |     94 |      0 |   1 |  383.0 |
        Bailey |   1011 |   1011 |      0 |    401 |     59 |   1 | 1011.0 |
               +--------+--------+--------+--------+--------+-----+--------+

Top non-repeatable levels by time:
     D:1: 1057 daAuts
     D:6: 1020 daAuts
  Bailey: 1011 daAuts
     D:7: 954 daAuts
     D:2: 827 daAuts
     D:5: 827 daAuts
     D:8: 817 daAuts
     D:4: 741 daAuts
     D:3: 436 daAuts
   Sewer: 383 daAuts
     D:9: 178 daAuts
  Temple: 23 daAuts
